 Dungeon Crawl Stone Soup version 0.28-a0-561-gc72452776e (webtiles) character file.

Game seed: 16417890363459473448

475 Conn the Firebug (level 7, -4/42 HPs)
             Began as an Octopode Fire Elementalist on Sept 29, 2021.
             Slain by a wyvern (19 damage)
             ... on level 4 of the Dungeon.
             The game lasted 00:08:08 (4555 turns).

Conn the Firebug (Octopode Fire Elementalist)       Turns: 4555, Time: 00:08:09

Health: -4/42      AC:  1    Str:  7    XL:     7   Next: 10%
Magic:  3/13       EV: 13    Int: 19    God:
Gold:   145        SH:  0    Dex: 13    Spells: 3/14 levels left

rFire   . . .      SeeInvis .   b - staff of conjuration
rCold   . . .      Faith    .   (no shield)
rNeg    . . .      Spirit   .   (helmet restricted)
rPois   .          Reflect  .   (no amulet)
rElec   .          Harm     .   (no ring)
rCorr   .          Rampage  .   (no ring)
Will    .....                   (no ring)
Stlth   +++.......              (no ring)
HPRegen 0.14/turn               (no ring)
MPRegen 0.13/turn               (no ring)
                                (no ring)
                                (no ring)

@: very slightly contaminated
A: almost no armour, amphibious, 8 rings, camouflage 1, gelatinous body 1,
(nimble swimmer 1), tentacles
a: no special abilities


You were on level 4 of the Dungeon.
You visited 1 branch of the dungeon, and saw 4 of its levels.

You collected 145 gold pieces.

Inventory:

Hand Weapons
 m - a +2 rapier of speed
Missiles
 k - a throwing net
Magical Staves
 b - a staff of conjuration (weapon)
 j - a staff of cold
Wands
 o - a wand of iceblast (10)
Scrolls
 a - 3 scrolls of identify {unknown}
 g - a scroll of teleportation {unknown}
 n - a scroll of amnesia {unknown}
Potions
 c - 2 potions of curing {unknown}
 d - a potion of lignification {unknown}
 e - a potion of degeneration {unknown}
 f - a potion of haste {unknown}
 h - a potion of attraction {unknown}
 i - a potion of berserk rage {unknown}
 l - a potion of resistance {unknown}


   Skills:
 + Level 0.5 Fighting
 + Level 0.9 Staves
 + Level 2.5 Dodging
 + Level 3.8 Stealth
 + Level 4.0 Spellcasting
 + Level 3.3 Conjurations
 + Level 5.0 Fire Magic


You had 3 spell levels left.
You knew the following spells:

 Your Spells              Type           Power      Damage    Failure   Level
a - Foxfire               Conj/Fire      100%       2x1d9     2%          1
b - Conjure Flame         Conj/Fire      29%        6-21      8%          3
c - Inner Flame           Hex/Fire       13%        N/A       14%         3
d - Flame Wave            Conj/Fire      29%        3d7       24%         4

Your spell library contained the following spells:

 Spells                   Type           Power      Damage    Failure   Level
 Scorch                   Fire           44%        2d7       2%          2


Dungeon Overview and Level Annotations

Branches:
Dungeon (4/15)
 Temple: D:4-7

Altars:
Yredelemnul

Shops:
D:4 [


Innate Abilities, Weirdness & Mutations

You cannot wear most types of armour.
You are amphibious.
You can wear up to eight rings at the same time.
Your skin changes colour to match your surroundings (Stealth+).
Your rubbery body absorbs attacks. (AC +1, EV +1)
((You are camouflaged near water. (Stealth+)))
You have tentacles for arms and can constrict up to eight enemies at once.


Message History

Confirm with . or Enter, or press ? or * to list all spells.
Aiming: Inner Flame (dangerous; 14% risk of failure)
Press: ? - help, Shift-Dir - straight line, f/p - wyvern
Aim: a wyvern (heavily wounded, chance to affect: 67%)
The wyvern is filled with an inner flame.
The wyvern barely misses you. The wyvern misses you.
Unknown command.
Casting: Inner Flame (dangerous; 14% risk of failure)
Confirm with . or Enter, or press ? or * to list all spells.
You feel a surge of power!
You conjure some foxfire!
The wyvern barely misses you.
The foxfire hits the hound skeleton.
The hound skeleton is lightly damaged.
The wyvern bites you but does no damage.
Unknown command.
The foxfire hits the goblin.
You kill the goblin!
Unknown command.
Casting: Foxfire (safe; 2% risk of failure)
Confirm with . or Enter, or press ? or * to list all spells.
You feel a surge of power!
You conjure some foxfire!
The wyvern misses you. The wyvern bites you.
The hound skeleton closely misses you. The wyvern closely misses you.
Unknown command.
You feel yourself speed up.
The foxfire hits the wyvern but does no damage.
The wyvern is heavily wounded.
The foxfire hits the hound skeleton!
The hound skeleton is heavily damaged.
Unknown command.
Casting: Foxfire (safe; 2% risk of failure)
Confirm with . or Enter, or press ? or * to list all spells.
You feel a surge of power!
You conjure some foxfire!
The wyvern bites you! The hound skeleton misses you.
Unknown command.
The foxfire hits the hound skeleton!
You destroy the hound skeleton!
The foxfire hits the wyvern but does no damage.
The wyvern is heavily wounded.
The wyvern bites you!!
You die...

...# .... # #######... .#
##..##...###.## #.....[.......#
#.............# #..
#.............# #.#
#......)......# ######.##
#..@l.........# .)......#
#.............#
........#######...##.##..#####+##
.......##....#######.#######.....
....................)............
.................................
.###...##........................
####...##........................
..)....####'#####.##.##..###.....


You could see a wyvern (inner flame).

Vanquished Creatures
  Eustachio (D:4)
  A black bear (D:3)
  A hound (D:4)
  An orc priest (D:3)
  Ijyb (D:4)
  An orc wizard (D:4)
  2 hound skeletons (D:4)
  A gnoll (D:2)
  3 adders
  A white imp (D:4)
  2 worms
  2 dart slugs
  3 orcs (D:4)
  8 ball pythons
  5 bats
  3 endoplasms
  5 giant cockroaches
  3 goblins
  7 hobgoblins
  A jackal (D:2)
  3 quokkas
  6 frilled lizards
  8 kobolds
  8 rats
77 creatures vanquished.

Vanquished Creatures (others)
  259 foxfires
259 creatures vanquished.

Grand Total: 336 creatures vanquished

Notes
Turn   | Place    | Note
-------+----------+-------------------------------------------
     0 | D:1      | Conn the Octopode Fire Elementalist began the quest for the
                  | Orb.
     0 | D:1      | Reached XP level 1. HP: 11/11 MP: 3/3
   220 | D:1      | Reached XP level 2. HP: 17/17 MP: 3/5
   309 | D:1      | Found a faded altar of an unknown god.
   758 | D:1      | Reached XP level 3. HP: 21/21 MP: 4/6
  1321 | D:2      | Reached XP level 4. HP: 16/27 MP: 2/7
  1755 | D:2      | Reached skill level 4 in Fire Magic
  2645 | D:3      | Reached XP level 5. HP: 21/31 MP: 1/9
  2794 | D:3      | Found a basalt altar of Yredelemnul.
  3402 | D:3      | Noticed a black bear
  3530 | D:3      | Learned a level 3 spell: Conjure Flame
  3534 | D:3      | Learned a level 3 spell: Inner Flame
  3563 | D:3      | Killed a black bear
  3564 | D:3      | Reached XP level 6. HP: 37/37 MP: 3/10
  3926 | D:4      | Found Doomer's Antique Armour Boutique.
  4202 | D:4      | Noticed Eustachio
  4210 | D:4      | Learned a level 4 spell: Flame Wave
  4220 | D:4      | Killed Eustachio
  4304 | D:4      | Noticed Ijyb
  4310 | D:4      | Killed Ijyb
  4311 | D:4      | Reached XP level 7. HP: 42/42 MP: 5/12
  4352 | D:4      | Reached skill level 5 in Fire Magic
  4542 | D:4      | Noticed a wyvern
  4555 | D:4      | Slain by a wyvern

Illustrated notes

Levels and vault maps discovered:
D:1:      psy_arrival_fountain, layout_rooms, shapermc_ecumenical_altar_ellora
D:2:      layout_loops_ring, minmay_fractal_squares_5
D:3:      minmay_recursive_quarters, layout_loops_corners,
          mainiacjoe_overflow_concentric_impassable, minmay_misc_feat_room
D:4:      layout_gridville, serial_shops, nicolae_square_shop,
          biasface_ghost_orc_armoury, minmay_crossroads, uniq_ijyb,
          uniq_eustachio

Skill      XL: |  1  2  3  4  5  6  7 |
---------------+----------------------+-----
Stealth        | 3 |  3.8
Fire Magic     | 4 5 |  5.0
Conjurations   | 2 3 |  3.3
Spellcasting   | 3 4 |  4.0
Fighting       | |  0.5
Staves         | |  0.9
Dodging        | |  2.5

Action                   |  1- 3 |  4- 6 |  7- 9 || total
-------------------------+-------+-------+-------++-------
Melee: Staff             |    20 |    13 |     1 ||    34
       Constrict         |     8 |     6 |       ||    14
       Tentacles         |     3 |     1 |       ||     4
 Cast: Foxfire           |    50 |    86 |    14 ||   150
       Conjure Flame     |       |     1 |       ||     1
       Inner Flame       |       |     2 |     1 ||     3
 Stab: Sleeping          |       |     2 |       ||     2
Armor: Skin              |     2 |       |     1 ||     3
Dodge: Dodged            |    20 |     9 |     8 ||    37

Table legend: (Time is in decaauts)
 A = Elapsed time spent in this place.
 B = Non-inter-level travel time spent in this place.
 C = Inter-level travel time spent in this place.
 D = Time resting spent in this place.
 E = Time spent auto-exploring this place.
 F = Levels seen in this place.
 G = Mean time per level.
                   A        B        C        D        E       F      G
               +--------+--------+--------+--------+--------+-----+--------+
         Total |   4563 |   4438 |    125 |     78 |   3489 |   4 | 1140.8 |
       Dungeon |   4563 |   4438 |    125 |     78 |   3489 |   4 | 1140.8 |
               +--------+--------+--------+--------+--------+-----+--------+

Top non-repeatable levels by time:
     D:3: 1648 daAuts
     D:2: 1237 daAuts
     D:1: 1045 daAuts
     D:4: 631 daAuts
